 Dungeon Crawl Stone Soup version 0.30-a0-1114-gd936c97349 (webtiles) character file.

Game seed: 984536784083967338

20475 Dirtsage the Severer (level 12, -10/93 HPs)
             Began as a Demonspawn Berserker on Apr 20, 2023.
             Was an Elder of Trog.
             Mangled by an azure jelly (13 damage)
             ... on level 1 of the Pits of Slime.
             The game lasted 00:25:14 (13744 turns).

Dirtsage the Severer (Demonspawn Berserker)        Turns: 13744, Time: 00:25:15

Health: -10/93     AC: 17    Str: 26    XL:     12   Next: 45%
Magic:  12/12      EV: 11    Int:  9    God:    Trog [****..]
Gold:   620        SH:  0    Dex: 17    Spells: 11/11 levels left

rFire   . . .      SeeInvis .    G - +4 hand axe of Wiafo {freeze, *Noise rPois Str+4 Dex+4}
rCold   + . .      Faith    .    (no shield)
rNeg    . . .      Spirit   .    N - +7 Kryia's mail coat {PotionHeal*2 rC+}
rPois   +          Reflect  .    (no helmet)
rElec   .          Rampage  .    r - +2 cloak
rCorr   .                        d - +0 pair of gloves
Will    .....                    (no boots) Stlth
                                 (no amulet)
HPRegen 0.35/turn                (no ring)
MPRegen 0.13/turn                (no ring)

@: confused
A: hooves 1, demonic guardian 3, demonic magic 1
a: Renounce Religion, Berserk, Trog's Hand, Brothers in Arms


You were on level 1 of the Pits of Slime.
You worshipped Trog.
Trog was greatly pleased with you.
You visited 4 branches of the dungeon, and saw 14 of its levels.

You collected 620 gold pieces.

Inventory:

Hand Weapons
 y - a +0 broad axe
 G - the +4 hand axe of Wiafo (weapon) {freeze, *Noise rPois Str+4 Dex+4}
   (You found it on level 7 of the Dungeon)

   Str:       It affects your strength (+4).
   Dex:       It affects your dexterity (+4).
   rPois:     It protects you from poison.
   *Noise:    It may make noises in combat.
 I - a +1 hand axe of flaming
Missiles
 j - 10 curare-tipped darts (quivered)
Armour
 d - a +0 pair of gloves (worn)
 r - a +2 cloak (worn)
 A - +0 acid dragon scales
 E - a +2 ring mail of cold resistance
 L - a scarf of shadows
 N - the +7 Kryia's mail coat (worn) {PotionHeal*2 rC+}
   (You found it on level 2 of the Lair of Beasts)

   PotionHeal*2: Potions heal its wearer twice as much.
   rC:        It protects you from cold.
Wands
 s - a wand of charming (15)
 u - a wand of iceblast (26)
 D - a wand of digging (2)
 K - a wand of polymorph (1)
Scrolls
 a - 5 scrolls of immolation
 c - a scroll of poison
 g - 2 scrolls of fear
 k - 2 scrolls of magic mapping
 t - 5 scrolls of teleportation
 w - a scroll of enchant armour
 B - 5 scrolls of blinking
 C - 2 scrolls of enchant weapon
 F - 2 scrolls of fog
 M - a scroll of silence
 O - a scroll of butterflies
Potions
 b - a potion of ambrosia {unknown}
 f - 2 potions of magic {unknown}
 h - 4 potions of haste
 l - 6 potions of heal wounds
 n - 2 potions of might {unknown}
 o - 2 potions of mutation {unknown}
 p - a potion of cancellation {unknown}
 q - 4 potions of curing
 v - a potion of invisibility {unknown}
 x - 4 potions of flight
 z - a potion of attraction {unknown}
 H - 2 potions of brilliance {unknown}
Miscellaneous
 P - a tin of tremorstones (2/2)


   Skills:
 + Level 8.2 Fighting
 * Level 16.4 Axes
 - Level 1.7 Armour
 - Level 1.7 Dodging
 + Level 6.9 Shields


You had 11 spell levels left.
You didn't know any spells.
Your spell library contained the following spells:

 Spells                   Type           Power      Damage    Failure   Level
 Sandblast                Erth           0%         2d4       67%         1
 Cigotuvi's Dreadful Rot  Necr/Pois/Air  0%         N/A       82%         2
 Passwall                 Tmut/Erth      0%         N/A       82%         2
 Call Canine Familiar     Summ           0%         N/A       96%         3
 Ignite Poison            Fire/Tmut/Pois 0%         N/A       96%         3
 Portal Projectile        Hex/Tloc       0%         N/A       96%         3
 Stone Arrow              Conj/Erth      0%         3d7       96%         3
 Tukima's Dance           Hex            0%         N/A       96%         3
 Vhi's Electric Charge    Tloc/Air       0%         N/A       96%         3
 Leda's Liquefaction      Hex/Erth       0%         N/A       100%        4
 Passage of Golubria      Tloc           0%         N/A       100%        4
 Arcjolt                  Conj/Air       0%         1d10      100%        5
 Freezing Cloud           Conj/Ice/Air   0%         6-21      100%        5
 Silence                  Hex/Air        0%         N/A       100%        5
 Yara's Violent Unravell  Hex/Tmut       0%         3d3       100%        5
 Plasma Beam              Fire/Air       0%         2x1d11    100%        6
 Lehudib's Crystal Spear  Conj/Erth      0%         10d2      100%        8


Dungeon Overview and Level Annotations

Branches:
Dungeon (8/15)             Temple (1/1) D:4            Lair (4/5) D:8
 Shoals (0/4) Lair:2        Snake (0/4) Lair:2        Slime (1/5) Lair:4

Altars:
Ashenzari
Cheibriados
Dithmenos
Fedhas
Gozag
Hepliaklqana
Kikubaaqudgha
Makhleb
Nemelex Xobeh
Qazlal
Ru
Sif Muna
Uskayaw
Vehumet
Wu Jian
Xom
Yredelemnul

Shops:
D:6 [

Annotations:
D:6 1 runed translucent door, Crazy Yiuf


Innate Abilities, Weirdness & Mutations

You have large cloven feet.
A powerful demonic guardian rushes to your aid.
Spells you cast may paralyse adjacent enemies.


Message History

You closely miss your smoke demon.
Your smoke demon is heavily wounded.
You hit the golden eye. You freeze the golden eye.
You slash the titanic slime creature! You freeze the titanic slime creature.
You completely miss the golden eye.
The azure jelly is engulfed in a cloud of scalding steam.
The golden eye is engulfed in a cloud of scalding steam.
The golden eye dies!
Trog accepts your kill. The golden eye blinks at you.
You are more confused.
You slash your smoke demon! You freeze your smoke demon.
Your smoke demon is almost dead.
You hit the titanic slime creature. You freeze the titanic slime creature.
You hit the golden eye. You freeze the golden eye.
Your smoke demon hits the slime creature!
Your smoke demon hits the slime creature but does no damage.
Your smoke demon hits the slime creature.
The slime creature hits your smoke demon!
Your smoke demon dies!
Your smoke demon disappears in a puff of smoke!
The slime creature attacks as you move away!
The slime creature hits you.
* * * LOW HITPOINT WARNING * * *
The golden eye blinks at you.
You easily resist.
The slime creature is engulfed in a cloud of scalding steam.
You take 3 damage, and have 11/93 hp.
You slash the titanic slime creature! You freeze the titanic slime creature.
You kick the titanic slime creature.
The titanic slime creature is severely wounded.
You slash the azure jelly! You freeze the azure jelly.
You barely miss the acid blob.
You hit the slime creature but do no damage.
You completely miss the golden eye.
The azure jelly hits you but does no damage.
The azure jelly hits you!
* * * LOW HITPOINT WARNING * * *
The azure jelly freezes you! You resist.
You die...

........#......#
...............##.
#......>§J....#..#
#.....§...<.......
.#.....§.§JJ..G...
........J..##.....
......JJ...# ..G.
......JJG..##.....
.......@J.........
........J....... .
.................
...#.#...........
.. ##.....#....#.
# .....###....
##....# #..#
##.... #.


You could see an acid blob, an azure jelly, a titanic slime creature, 7 slime
creatures and a golden eye.

Vanquished Creatures
  Snorg (Lair:2)
  Erica (D:8)
  A two-headed ogre (D:6)
  A boulder beetle (Lair:1)
  7 elephants (Lair:4)
  A manticore (Lair:2)
  The ghost of tilp the Digger, a novice MeEE of Vehumet (D:7)
  5 cane toads
  Maggie (D:6)
  An unseen horror (D:7)
  The ghost of kae the Changer, a novice DrTm of Ru (D:4)
  2 torpor snails
  3 komodo dragons
  A polar bear (Lair:4)
  A wind drake (Lair:2)
  3 blink frogs (Lair:1)
  4 dream sheep (Lair:1)
  Grinder (D:3)
  A shadow (D:7)
  3 wyverns (D:8)
  10 yaks
  2 steam dragons (D:8)
  2 nagas (Lair:2)
  7 water moccasins
  3 basilisks
  Duvessa (D:6)
  3 ice beasts (D:6)
  2 sky beasts
  An orc warrior (D:8)
  4 black bears
  3 ogres
  10 wolves
  A centaur (D:5)
  2 phantoms
  3 kobold brigands
  5 bullfrogs
  3 scorpions
  4 wights (D:8)
  Dowan (D:6)
  3 killer bees (D:5)
  2 howler monkeys
  4 hounds
  4 jellies
  3 orc priests
  A gnoll bouda (D:5)
  A sleepcap (D:7)
  Terence (D:3)
  3 iguanas
  An orc wizard (D:3)
  Natasha (twice) (D:3)
  8 gnolls (D:5)
  8 adders
  A shadow imp (D:8)
  2 white imps (D:7)
  2 ufetubi
  A worm (D:2)
  2 dart slugs
  7 orcs
  7 ball pythons
  9 bats
  4 endoplasms
  2 giant cockroaches
  14 goblins
  8 hobgoblins
  4 jackals (D:1)
  A quokka (D:2)
  5 frilled lizards
  17 kobolds
  5 rats
  A spectral goblin (D:8)
  A spectral kobold (D:1)
241 creatures vanquished.

Vanquished Creatures (collateral kills)
  An elephant (Lair:4)
  A rime drake (Lair:3)
  A slime creature (Slime:1)
  A basilisk (Lair:2)
  2 yaks (Lair:1)
  A golden eye (Slime:1)
  2 wolves (Lair:1)
  A jelly (D:6)
  2 sleepcaps (D:4)
  An orc (D:4)
  A giant cockroach (D:4)
14 creatures vanquished.

Vanquished Creatures (others)
  11 fungi
  8 plants
19 creatures vanquished.

Grand Total: 274 creatures vanquished

Notes
Turn   | Place    | Note
-------+----------+-------------------------------------------
     0 | D:1      | Dirtsage the Demonspawn Berserker began the quest for the
                  | Orb.
     0 | D:1      | Reached XP level 1. HP: 18/18 MP: 1/1
    74 | D:1      | Reached skill level 3 in Axes
   125 | D:1      | Gained mutation: You have large cloven feet. [demonic
                  | ancestry]
   125 | D:1      | Reached XP level 2. HP: 24/24 MP: 2/2
   133 | D:1      | Found a faded altar of an unknown god.
   669 | D:1      | Gained mutation: A weak demonic guardian rushes to your
                  | aid. [demonic ancestry]
   669 | D:1      | Reached XP level 3. HP: 29/29 MP: 3/3
   747 | D:1      | Reached ** piety under Trog
   831 | D:2      | Reached skill level 4 in Axes
  1657 | D:2      | Gained mutation: A demonic guardian rushes to your aid.
                  | [demonic ancestry]
  1657 | D:2      | Reached XP level 4. HP: 34/35 MP: 4/4
  1807 | D:3      | Noticed Grinder
  1819 | D:3      | Killed Grinder
  1820 | D:3      | Reached skill level 6 in Axes
  1820 | D:3      | Gained mutation: A powerful demonic guardian rushes to your
                  | aid. [demonic ancestry]
  1820 | D:3      | Reached XP level 5. HP: 11/41 MP: 5/5
  1957 | D:3      | Gained mutation: Spells you cast may paralyse adjacent
                  | enemies. [demonic ancestry]
  1957 | D:3      | Reached XP level 6. HP: 47/47 MP: 6/6
  2033 | D:3      | Noticed Terence
  2051 | D:3      | Killed Terence
  2166 | D:3      | Noticed Natasha
  2173 | D:3      | Killed Natasha
  2458 | D:3      | Noticed Natasha
  2467 | D:3      | Killed Natasha
  2513 | D:3      | Found a basalt altar of Yredelemnul.
  2631 | D:4      | Found a shadowy altar of Dithmenos.
  2647 | D:4      | Reached skill level 7 in Axes
  2798 | D:4      | Identified the +3 sling of Luufobb {freeze, +Blink rCorr
                  | Dex-3 SInv Stlth-}
  2980 | D:4      | Found a runed translucent gate.
  2981 | D:4      | Found a runed translucent gate.
  2987 | D:4      | Noticed kae's ghost (novice DrTm)
  3261 | D:4      | Found a sacrificial altar of Ru.
  3261 | D:4      | Found an ancient bone altar of Kikubaaqudgha.
  3262 | D:4      | Found an opulent altar of Gozag.
  3294 | D:4      | Found a runed translucent gate.
  3297 | D:4      | Reached XP level 7. HP: 52/52 MP: 7/7
  3343 | D:4      | Found a staircase to the Ecumenical Temple.
  3352 | Temple   | Entered the Ecumenical Temple
  3684 | D:4      | Killed kae's ghost
  3685 | D:4      | Reached skill level 8 in Axes
  3808 | D:5      | Entered Level 5 of the Dungeon
  4063 | D:5      | Reached skill level 9 in Axes
  4063 | D:5      | Reached XP level 8. HP: 58/58 MP: 8/8
  4075 | D:5      | Found a burning altar of Makhleb.
  4698 | D:5      | Reached skill level 10 in Axes
  4976 | D:5      | Found a shimmering blue altar of Sif Muna.
  5283 | D:6      | Noticed Maggie
  5309 | D:6      | Killed Maggie
  5310 | D:6      | Reached skill level 11 in Axes
  5310 | D:6      | Reached XP level 9. HP: 51/63 MP: 9/9
  5489 | D:6      | Found Rauplats's Armour Boutique.
  5664 | D:6      | Reached *** piety under Trog
  5858 | D:6      | Noticed Dowan
  5858 | D:6      | Noticed Duvessa
  5859 | D:6      | Noticed a two-headed ogre
  5879 | D:6      | Killed a two-headed ogre
  5880 | D:6      | Reached skill level 12 in Axes
  5881 | D:6      | Killed Dowan
  5884 | D:6      | Reached skill level 13 in Axes
  6018 | D:6      | Killed Duvessa
  6186 | D:6      | Found a runed translucent door.
  6187 | D:6      | Noticed Crazy Yiuf
  6711 | D:7      | Killed an unseen horror
  6712 | D:7      | Reached XP level 10. HP: 48/70 MP: 10/10
  6790 | D:7      | Identified the +4 hand axe of Wiafo {freeze, *Noise rPois
                  | Str+4 Dex+4}
  6972 | D:7      | Found a runed translucent door.
  6973 | D:7      | Noticed tilp's ghost (novice MeEE)
  7362 | D:7      | Found a blossoming altar of Fedhas.
  7436 | D:7      | Reached skill level 1 in Shields
  7443 | D:7      | Killed tilp's ghost
  7664 | D:8      | Found a staircase to the Lair.
  7677 | D:8      | Reached skill level 14 in Axes
  7704 | D:8      | Reached **** piety under Trog
  8096 | D:8      | Reached skill level 5 in Fighting
  8169 | D:8      | Noticed Erica
  8175 | D:8      | Killed Erica
  8187 | D:8      | Reached XP level 11. HP: 45/80 MP: 11/11
  8321 | D:8      | Found a stormy altar of Qazlal.
  8446 | D:8      | Found a hazy altar of Hepliaklqana.
  8562 | Lair:1   | Entered Level 1 of the Lair of Beasts
  8652 | Lair:1   | Noticed a boulder beetle
  8663 | Lair:1   | Killed a boulder beetle
  9033 | Lair:1   | Reached skill level 15 in Axes
  9344 | Lair:1   | Reached skill level 5 in Shields
  9957 | Lair:2   | Noticed Snorg
  9977 | Lair:2   | Killed Snorg
 10272 | Lair:2   | Found a staircase to the Snake Pit.
 10660 | Lair:2   | Found a staircase to the Shoals.
 10936 | Lair:2   | Found the +7 Kryia's mail coat {PotionHeal*2 rC+}
 11982 | Lair:3   | Reached XP level 12. HP: 84/91 MP: 12/12
 12601 | Lair:4   | Reached skill level 16 in Axes
 13159 | Lair:4   | Found a staircase to the Slime Pits.
 13719 | Slime:1  | Entered Level 1 of the Pits of Slime
 13729 | Slime:1  | Noticed an azure jelly
 13736 | Slime:1  | Noticed an acid blob
 13744 | Slime:1  | HP: 3/93 [azure jelly (8)]
 13744 | Slime:1  | Mangled by an azure jelly

Illustrated notes

Levels and vault maps discovered:
D:1:      lightli_arrival_noodles, layout_loops_ring,
          dreamdust_ecumenical_altar_drowned_temple
D:2:      layout_loops_corners, minmay_unequal
D:3:      layout_loops_cross, mainiacjoe_overflow_chevrons, uniq_natasha,
          uniq_terence, uniq_grinder
D:4:      layout_basic, mainiacjoe_overflow_tiny_flanked,
          gammafunk_temple_overflow_claw, minmay_temple_entry_nine_rooms,
          gammafunk_ghost_split, hex_tiny
D:5:      layout_loops_cross, kennysheep_little_box,
          mainiacjoe_overflow_24_doors
D:6:      layout_loops_ring, serial_shops, shop, minmay_misc_feat_four_crosses,
          minmay_fractal_squares_5, uniq_maggie, uniq_crazy_yiuf_cottage,
          uniq_duvessa
D:7:      layout_basic, mainiacjoe_overflow_alcove_2, serial_glass,
          glass_columns_c, glass_columns_c, glass_columns_a, glass_columns_b,
          glass_columns_a, glass_columns_c, glass_columns_c, glass_columns_b,
          glass_columns_b, glass_columns_a, glass_columns_a, glass_columns_a,
          glass_columns_a, glass_columns_a, ebering_ghost_inner_flame
D:8:      layout_basic, nicolae_hepliaklqana_monster_ancestors,
          nicolae_qazlal_scattered_showers, minmay_lair_entry_grove, uniq_erica
Temple:   nicolae_temple_bog_church
Lair:1:   layout_long_grid, grunt_megastairs_3
Lair:2:   beargit_carnivore_pack, layout_cellular_growth,
          minmay_shoals_entry_beasts, minmay_snake_entry_guardpost_small
Lair:3:   layout_layer_cave, serial_bayou_shore_b, infiniplex_staircase_pool_2,
          lemuel_fruit_tree
Lair:4:   layout_cellular_growth, slime_entry_1, lemuel_old_faithful
Slime:1:  layout_caves, cheibrodos_slime_lost_civilization_4

Skill      XL: |  1  2  3  4  5  6  7  8  9 10 11 12 |
---------------+-------------------------------------+-----
Axes           | 3 4 6 7 9 11 13 14 15 16 | 16.4
Shields        | 3 6 |  6.9
Fighting       | 5 7 8 |  8.2
Armour         | |  1.7
Dodging        | |  1.7

Action                     |  1- 3 |  4- 6 |  7- 9 | 10-12 || total
---------------------------+-------+-------+-------+-------++-------
  Melee: Hand axe          |   134 |   108 |   187 |   371 ||   800
         Kick              |    26 |    30 |    81 |   132 ||   269
         Punch             |     2 |     2 |     3 |     7 ||    14
         Broad axe         |       |       |    81 |    19 ||   100
 Invoke: Berserk           |       |     3 |     9 |    14 ||    26
         Trog's Hand       |       |       |     3 |     1 ||     4
    Use: Scroll            |       |       |       |    15 ||    15
         Potion            |       |       |       |     5 ||     5
   Stab: Distracted        |       |       |       |     4 ||     4
 Armour: Animal skin       |     5 |       |       |       ||     5
         Ring mail         |    31 |    33 |    73 |       ||   137
         Acid dragon scale |       |       |    44 |    86 ||   130
         Scale mail        |       |       |       |    52 ||    52
  Dodge: Dodged            |    90 |    41 |   177 |   171 ||   479

Table legend: (Time is in decaauts)
 A = Elapsed time spent in this place.
 B = Non-inter-level travel time spent in this place.
 C = Inter-level travel time spent in this place.
 D = Time resting spent in this place.
 E = Time spent auto-exploring this place.
 F = Levels seen in this place.
 G = Mean time per level.
                   A        B        C        D        E       F      G
               +--------+--------+--------+--------+--------+-----+--------+
         Total |  13851 |  13417 |    434 |   2614 |   9248 |  14 |  989.4 |
       Dungeon |   8493 |   8208 |    285 |   1589 |   5499 |   8 | 1061.6 |
        Temple |    202 |    180 |     22 |      0 |    168 |   1 |  202.0 |
          Lair |   5136 |   5010 |    126 |   1025 |   3581 |   4 | 1284.0 |
    Slime Pits |     20 |     20 |      0 |      0 |      0 |   1 |   20.0 |
               +--------+--------+--------+--------+--------+-----+--------+

Top non-repeatable levels by time:
  Lair:2: 1585 daAuts
     D:5: 1498 daAuts
  Lair:1: 1286 daAuts
     D:6: 1239 daAuts
  Lair:4: 1145 daAuts
  Lair:3: 1119 daAuts
     D:8: 1099 daAuts
     D:4: 1017 daAuts
     D:7: 990 daAuts
     D:2: 976 daAuts
     D:1: 846 daAuts
     D:3: 825 daAuts
  Temple: 202 daAuts
 Slime:1: 20 daAuts
